 Dungeon Crawl Stone Soup version 0.20.1-1-g8b1a95d (webtiles) character file.

122 Lanoc the Sneak (level 4, -1/34 HPs)
             Began as a Vampire Assassin on Nov 30, 2017.
             Slain by a kobold
             ... wielding a +0 dagger
              (3 damage)
             ... on level 3 of the Dungeon.
             The game lasted 00:07:15 (2042 turns).

Lanoc the Sneak (Vampire Assassin)                  Turns: 2042, Time: 00:07:16

Health: -1/34      AC: -1    Str: 10    XL:     4   Next: 78%
Magic:  4/4        EV: 12    Int: 15    God:
Gold:   94         SH:  0    Dex: 16    Spells: 3/3 levels left

rFire    . . .     SeeInvis +   a - +2 dagger
rCold    + . .     Gourm    .   (no shield)
rNeg     + + +     Faith    .   c - +0 robe
rPois    +         Spirit   .   (no helmet)
rElec    .         Reflect  .   q - +0 cloak
rCorr    .         Harm     .   (no gloves)
MR       .....                  (no boots)
Stlth    +++++.....             (no amulet)
Regen    0.1/turn               i - ring of positive energy
MPRegen  0.1/turn               m - +2 ring of intelligence

@: corroded, regenerating slowly
A: fangs 3, see invisible, unbreathing
a: Bat Form


You were on level 3 of the Dungeon.
You were near bloodless.

You visited 1 branch of the dungeon, and saw 3 of its levels.

You collected 94 gold pieces.

Inventory:

Hand Weapons
 a - a +2 dagger (weapon)
 b - a +0 blowgun
Missiles
 e - 8 poisoned needles
 f - 2 curare-tipped needles
Armour
 c - a +0 robe (worn)
 q - a +0 cloak (worn)
Jewellery
 i - a ring of positive energy (left hand)
 m - a +2 ring of intelligence (right hand)
Scrolls
 d - a scroll of enchant armour {unknown}
 j - 3 scrolls of teleportation {unknown}
 k - 2 scrolls of identify {unknown}
 n - 2 scrolls of remove curse {unknown}
Potions
 g - 23 potions of blood
 h - a potion of cancellation
 l - 2 potions of curing {unknown}
 o - a potion of might {unknown}
 p - a potion of haste {unknown}
 r - 2 potions of brilliance {unknown}
 s - a potion of degeneration {unknown}


   Skills:
 + Level 2.4 Fighting
 * Level 4.1 Short Blades
 - Level 1.5 Throwing
 - Level 1.1 Dodging
 * Level 7.3 Stealth


You had 3 spell levels left.
You didn't know any spells.

Dungeon Overview and Level Annotations

Branches:
Dungeon (3/15)

Altars:
Nemelex Xobeh
Sif Muna
Trog
Uskayaw
Xom


Innate Abilities, Weirdness & Mutations

You heal slowly.
You have razor-sharp teeth.
You have supernaturally acute eyesight. (SInv)
You can survive without breathing.


Message History

You see here a bubbling coppery potion.
s - a bubbling coppery potion The rat barely misses you.
You hit the rat.
You kill the rat!
You see here a rat corpse.
You bottle the corpse's blood.
g - 23 potions of blood (gained 1)
You see here a rat skeleton.
The kobold shouts!
The kobold zaps a wand.
The bolt of acid hits you!
Ouch! That really hurt!
The acid corrodes you!
You are splashed with acid!
The acid burns!
* * * LOW HITPOINT WARNING * * *
It is a wand of acid (?/15).
Found a scroll labeled QITINTIMUTSA.
An orc comes into view. It is wielding a whip.
An orc wizard comes into view. It is wielding a dagger.
The kobold hits you with a dagger.
You die...

...........
..............o.........
...............o........
........................
........................
........(...............
#.......................
#..........[.........?..
................@K......
#..........<............
#..>....................
.........รท..............
###############.########
#.# #.# #.# .#


You could see an orc wizard (wandering), an orc (wandering) and a kobold.

Vanquished Creatures
  3 gnolls (D:2)
  2 adders (D:2)
  An ooze (D:1)
  4 worms (D:2)
  2 dart slugs
  2 leopard geckos
  A giant cockroach (D:2)
  10 goblins
  4 hobgoblins
  3 jackals
  5 bats
  3 frilled lizards
  5 kobolds
  10 rats
55 creatures vanquished.

Notes
Turn   | Place    | Note
-------+----------+-------------------------------------------
     0 | D:1      | Lanoc the Vampire Assassin began the quest for the Orb.
     0 | D:1      | Reached XP level 1. HP: 16/16 MP: 1/1
    91 | D:1      | Reached skill level 6 in Stealth
   179 | D:1      | Reached XP level 2. HP: 21/22 MP: 2/2
   716 | D:2      | Reached XP level 3. HP: 27/27 MP: 3/3
  1077 | D:2      | Found a bloodstained altar of Trog.
  1077 | D:2      | Found a hide-covered altar of Uskayaw.
  1082 | D:2      | Found a shimmering altar of Xom.
  1089 | D:2      | Found a deep blue altar of Sif Muna.
  1090 | D:2      | Reached XP level 4. HP: 33/33 MP: 4/4
  1091 | D:2      | Found a faded altar of an unknown god.
  1092 | D:2      | Reached skill level 7 in Stealth
  2001 | D:3      | Found a sparkling altar of Nemelex Xobeh.
  2042 | D:3      | Slain by a kobold

Skill      XL: |  1  2  3  4 |
---------------+-------------+-----
Fighting       | 2 |  2.4
Stealth        | 6 7 |  7.3
Short Blades   | 3 4 |  4.1
Throwing       | |  1.5
Dodging        | |  1.1

Action                   |  1- 3 |  4- 6 || total
-------------------------+-------+-------++-------
Melee: Dagger            |    84 |    52 ||   136
       Bite              |    12 |     5 ||    17
  Use: Potion            |       |     2 ||     2
 Stab: Sleeping          |     9 |     4 ||    13
       Distracted        |       |     1 ||     1
Armor: Robe              |    12 |     3 ||    15
Dodge: Dodged            |    52 |    26 ||    78
